 Seeded DCSS version 0.29-a0-824-gd827844252 (webtiles) character file.

Game seed: 20220710 (custom seed)

14924 a11behringer the Severer (level 12, -5/94 HPs)
             Began as a Formicid Fighter on July 10, 2022.
             Was an Initiate of Gozag.
             Slain by a six-headed hydra (11 damage)
             ... on level 12 of the Dungeon.
             The game lasted 00:29:38 (11886 turns).

a11behringer the Severer (Formicid Fighter)        Turns: 11886, Time: 00:30:02

Health: -5/94      AC: 24    Str: 32    XL:     12   Next: 51%
Magic:  1/12       EV:  9    Int:  5    God:    Gozag
Gold:   27         SH:  0    Dex: 13    Spells: 11/11 levels left

rFire   . . .      SeeInvis +   W - +0 giant spiked club
rCold   . . .      Faith    .   (shield currently unavailable)
rNeg    . . .      Spirit   .   M - +0 plate armour
rPois   .          Reflect  .   (helmet unavailable)
rElec   .          Harm     .   C - +0 cloak
rCorr   .          Rampage  .   Q - +3 Mad Mage's Maulers {Infuse+∞ RegenMP Int-3}
Will    ++...                   (no boots)
Stlth   ..........              Z - amulet of regeneration
HPRegen 1.05/turn               Y - ring "Gunn" {Will+ Str+6 Slay+6}
MPRegen 0.53/turn               H - +4 ring of protection

@: gold aura
A: permanent stasis, dig shafts and tunnels, antennae 3, four strong arms
a: Dig, Shaft Self, Renounce Religion, Potion Petition, Call Merchant, Bribe
Branch


You were on level 12 of the Dungeon.
You worshipped Gozag.
Gozag was noncommittal.
You visited 3 branches of the dungeon, and saw 14 of its levels.

You collected 1439 gold pieces.
You spent 1245 gold pieces at shops.
You paid 167 gold pieces to Gozag.

Inventory:

Hand Weapons
 a - a +1 war axe
 j - a +0 longbow
 G - the +10 hand axe of Action {vorpal, rF+ MP+9 Dex+2 Stlth-}
   (You found it on level 4 of the Dungeon)

   It inflicts extra damage upon your enemies.
   Dex:       It affects your dexterity (+2).
   rF:        It protects you from fire.
   MP:        It affects your magic capacity (+9).
   Stlth:     It makes you less stealthy.
 N - a +0 arbalest
 W - a +0 giant spiked club (weapon)
Missiles
 f - 27 poisoned darts
 o - 10 atropa-tipped darts
 p - 4 datura-tipped darts
 y - a throwing net
Armour
 c - a +0 buckler
 C - a +0 cloak (worn)
 M - a +0 plate armour (worn)
 Q - the +3 Mad Mage's Maulers (worn) {Infuse+∞ RegenMP Int-3}
   (You found it on level 5 of the Dungeon)

   It empowers its wearer's blows with all of their magic.
   It causes its wearer's magical reserves to regenerate more quickly.
   Int:       It affects your intelligence (-3).
 X - the +1 robe of Light {+Inv rF- Will+++ Regen+}
   (You found it on level 7 of the Dungeon)

   rF:        It makes you vulnerable to fire.
   +Inv:      It lets you turn invisible.
   Regen:     It increases your rate of health regeneration.
   Will:      It greatly increases your willpower.
Magical Staves
 h - a staff of conjuration
Jewellery
 b - a ring of protection from cold
 r - a ring of willpower
 B - a ring of positive energy
 E - a ring of poison resistance
 H - a +4 ring of protection (right hand)
 Y - the ring "Gunn" (left hand) {Will+ Str+6 Slay+6}
   (You bought it in a shop on level 8 of the Dungeon)

   [ring of strength]

   Str:       It affects your strength (+6).
   Slay:      It affects your accuracy & damage with ranged weapons and melee
   (+6).
   Will:      It increases your willpower.
 Z - an amulet of regeneration (around neck)
Wands
 x - a wand of flame (55)
 D - a wand of roots (18)
 F - a wand of quicksilver (4)
 U - a wand of paralysis (5)
Scrolls
 e - 10 scrolls of teleportation {unknown}
 g - 6 scrolls of immolation
 i - a scroll of identify
 l - 4 scrolls of enchant weapon
 s - a scroll of torment {unknown}
 u - a scroll of poison {unknown}
 z - a scroll of blinking {unknown}
 J - 4 scrolls of noise {unknown}
 O - 3 scrolls of amnesia {unknown}
 P - 2 scrolls of fog {unknown}
 R - 2 scrolls of enchant armour {unknown}
 S - a scroll of fear {unknown}
 V - a scroll of vulnerability {unknown}
Potions
 d - 2 potions of might
 k - a potion of experience {unknown}
 m - 2 potions of attraction
 n - 3 potions of curing
 q - 2 potions of ambrosia {unknown}
 t - a potion of mutation {unknown}
 v - 2 potions of resistance
 w - a potion of invisibility
 A - 2 potions of cancellation {unknown}
 I - a potion of heal wounds {unknown}
 K - a potion of flight {unknown}
 L - 3 potions of brilliance
 T - 2 potions of lignification {unknown}


   Skills:
 + Level 8.3 Fighting
 * Level 15.0 Axes
 + Level 0.1(9.7) Maces & Flails
 + Level 10.3 Armour
 + Level 2.2 Dodging
 + Level 7.4 Shields
 + Level 0.3 Evocations


You had 11 spell levels left.
You didn't know any spells.
Your spell library contained the following spells:

 Spells                   Type           Power      Damage    Failure   Level
 Beastly Appendage        Tmut           0%         N/A       98%         1
 Freeze                   Ice            0%         1d3       98%         1
 Magic Dart               Conj           0%         1d3       98%         1
 Searing Ray              Conj           0%         2d4       99%         2
 Wereblood                Tmut           0%         N/A       99%         2
 Dazzling Flash           Conj/Hex       0%         N/A       100%        3
 Frozen Ramparts          Ice            0%         1d2       100%        3
 Portal Projectile        Hex/Tloc       0%         N/A       100%        3
 Spider Form              Tmut/Pois      0%         N/A       100%        3
 Tukima's Dance           Hex            0%         N/A       100%        3
 Fulminant Prism          Conj/Hex       0%         3d6       100%        4
 Hailstorm                Conj/Ice       0%         3d3       100%        4
 Agony                    Necr           0%         N/A       100%        5
 Blade Hands              Tmut           0%         N/A       100%        5
 Silence                  Hex/Air        0%         N/A       100%        5


Dungeon Overview and Level Annotations

Branches:
Dungeon (12/15)            Temple (1/1) D:4            Lair (1/6) D:9
    Orc: D:9-12

Altars:
Ashenzari
Cheibriados
Dithmenos
Elyvilon
Fedhas
Gozag
Hepliaklqana
Kikubaaqudgha
Makhleb
Nemelex Xobeh
Okawaru
Qazlal
Ru
Sif Muna
Trog
Uskayaw
Vehumet
Wu Jian
Xom
Yredelemnul
Zin
The Shining One

Shops:
D:1 *(   D:6 *   D:8 =

Portals:
Trove: D:11 (give +4 demon whip)


Innate Abilities, Weirdness & Mutations

You cannot be hasted, slowed, berserked, paralysed or teleported.
You can dig through walls and to a lower floor.
You have a pair of large antennae on your head. (SInv)
Your four strong arms can wield two-handed weapons with a shield.


Message History

You hammer the six-headed hydra like a gong!!!
You kill the six-headed hydra!
The six-headed hydra bites you but does no damage. x2
The six-headed hydra bites you.
The six-headed hydra bites you but does no damage. x3
Your Axes skill increases to level 15!
The six-headed hydra bites you but does no damage.
The six-headed hydra bites you!
The six-headed hydra bites you but does no damage.
The six-headed hydra barely misses you. The six-headed hydra bites you.
The six-headed hydra bites you but does no damage.
You see here 19 gold pieces.
You completely miss the six-headed hydra.
The six-headed hydra closely misses you.
The six-headed hydra bites you but does no damage.
The six-headed hydra barely misses you. The six-headed hydra bites you.
The six-headed hydra bites you!
The six-headed hydra bites you but does no damage.
You impale the six-headed hydra!!
The six-headed hydra is moderately wounded.
The six-headed hydra bites you!
* * * LOW HITPOINT WARNING * * *
The six-headed hydra bites you.
* * * LOW HITPOINT WARNING * * *
The six-headed hydra bites you but does no damage. x2
The six-headed hydra bites you.
* * * LOW HITPOINT WARNING * * *
The six-headed hydra bites you but does no damage. x4
The six-headed hydra bites you!
* * * LOW HITPOINT WARNING * * *
The six-headed hydra misses you. The six-headed hydra bites you.
* * * LOW HITPOINT WARNING * * *
You impale the six-headed hydra!!
The six-headed hydra is almost dead.
You hear a roar!
The six-headed hydra bites you.
* * * LOW HITPOINT WARNING * * *
The six-headed hydra bites you!
You die...
Your body crumbles into a pile of gold.

..........................
..........................
....................).#..#
................<..#.....<
...................#......
.$.............#...#....).
...............###..#.#...
...............##..#####.)
......#.D@....####..# #..
#.... ###....###....# ###
.... ##..(......## #..{
###....#### #. ####.# #
### {


You could see a six-headed hydra.

Vanquished Creatures
  A hydra (D:12)
  A boulder beetle (D:11)
  A centaur warrior (D:10)
  2 two-headed ogres
  A deep elf pyromancer (D:12)
  An ugly thing (D:11)
  3 cyclopes (D:11)
  2 komodo dragons (Lair:1)
  A kobold demonologist (D:12)
  A hornet (D:10)
  Grinder (D:3)
  Sigmund (D:2)
  A shadow (D:10)
  2 wraiths
  16 yaks
  A basilisk (Lair:1)
  2 wyverns
  4 vampire mosquitoes (D:10)
  A steam dragon (D:6)
  2 water moccasins
  2 acid dragons (D:9)
  5 orc warriors
  2 ice beasts
  A black bear (D:7)
  A sky beast (D:7)
  An ogre (D:7)
  4 wolves (Lair:1)
  2 phantoms
  Blork the orc (D:4)
  2 kobold brigands
  A necrophage (D:8)
  3 scorpions
  7 bullfrogs
  A gnoll sergeant (D:11)
  5 wights (D:9)
  12 killer bees
  A howler monkey (D:11)
  An electric eel (Lair:1)
  2 quasits (D:7)
  A gnoll bouda (D:7)
  4 jellies
  7 orc priests
  A hound (D:7)
  5 iguanas
  Terence (D:3)
  11 orc wizards
  13 adders
  10 gnolls
  2 shadow imps (D:7)
  2 white imps
  An ufetubus (D:7)
  2 worms
  4 dart slugs
  48 orcs
  7 endoplasms
  7 giant cockroaches
  11 goblins
  12 hobgoblins
  6 jackals
  16 kobolds
  6 quokkas
  13 ball pythons
  6 bats
  2 frilled lizards
  6 rats
303 creatures vanquished.

Vanquished Creatures (others)
  4 demonic plants (D:7)
  8 fungi (D:9)
  5 plants (D:9)
17 creatures vanquished.

Grand Total: 320 creatures vanquished

Notes
Turn   | Place    | Note
-------+----------+-------------------------------------------
     0 | D:1      | a11behringer the Formicid Fighter began the quest for the
                  | Orb.
     0 | D:1      | Reached XP level 1. HP: 18/18 MP: 1/1
    81 | D:1      | Found Xaurgh's Assorted Antiques.
   104 | D:1      | Reached XP level 2. HP: 9/24 MP: 2/2
   453 | D:1      | Found Uwolay's Weapon Boutique.
   526 | D:1      | Reached XP level 3. HP: 29/29 MP: 3/3
  1086 | D:2      | Reached XP level 4. HP: 37/37 MP: 4/4
  1112 | D:2      | Reached skill level 3 in Axes
  1364 | D:2      | Found a faded altar of an unknown god.
  1408 | D:2      | Reached XP level 5. HP: 34/42 MP: 5/5
  1480 | D:2      | Noticed Sigmund
  1493 | D:2      | Killed Sigmund
  1494 | D:2      | Reached skill level 4 in Axes
  1494 | D:2      | Reached XP level 6. HP: 4/48 MP: 6/6
  1916 | D:2      | Reached skill level 5 in Axes
  2243 | D:3      | Noticed Terence
  2257 | D:3      | Killed Terence
  2258 | D:3      | Reached skill level 1 in Dodging
  2567 | D:3      | Reached XP level 7. HP: 53/54 MP: 7/7
  2594 | D:3      | Noticed Grinder
  2609 | D:3      | HP: 1/54 [Grinder (9)]
  2613 | D:3      | Killed Grinder
  2614 | D:3      | Reached skill level 6 in Axes
  3358 | D:3      | Found a glowing silver altar of Zin.
  3362 | D:3      | Found a broken altar of Ashenzari.
  3367 | D:3      | Found a sparkling altar of Nemelex Xobeh.
  3537 | D:4      | Identified the +10 hand axe of Action {vorpal, rF+ MP+9
                  | Dex+2 Stlth-}
  3644 | D:4      | Reached skill level 7 in Axes
  3644 | D:4      | Reached XP level 8. HP: 58/60 MP: 8/8
  3656 | D:4      | Found a staircase to the Ecumenical Temple.
  3664 | Temple   | Entered the Ecumenical Temple
  4036 | D:4      | Noticed Blork the orc
  4050 | D:4      | Killed Blork the orc
  4366 | D:4      | Reached skill level 5 in Armour
  4555 | D:5      | Entered Level 5 of the Dungeon
  4572 | D:5      | Reached skill level 8 in Axes
  4573 | D:5      | Reached skill level 5 in Shields
  5154 | D:5      | Found the +3 Mad Mage's Maulers {Infuse+∞ RegenMP Int-3}
  5602 | D:6      | Reached XP level 9. HP: 66/66 MP: 0/9
  5734 | D:6      | Reached skill level 9 in Axes
  5818 | D:6      | Found Hoku's General Store.
  6552 | D:7      | Reached skill level 5 in Fighting
  6708 | D:7      | Reached skill level 10 in Axes
  7088 | D:7      | Noticed a two-headed ogre
  7100 | D:7      | Killed a two-headed ogre
  7101 | D:7      | Reached skill level 11 in Axes
  7101 | D:7      | Reached XP level 10. HP: 38/76 MP: 0/10
  7112 | D:7      | Identified the +1 robe of Light {+Inv rF- Will+++ Regen+}
  7809 | D:8      | Reached skill level 12 in Axes
  7960 | D:8      | Found Evvewef's Jewellery Boutique.
  7971 | D:8      | Bought an amulet of regeneration for 360 gold pieces
  8090 | Temple   | Became a worshipper of Gozag Ym Sagoz the Greedy
  8346 | D:9      | Found a white marble altar of Elyvilon.
  8467 | D:9      | Reached XP level 11. HP: 81/81 MP: 0/11
  8508 | D:9      | Found a shimmering blue altar of Sif Muna.
  8751 | D:9      | Found an iron altar of Okawaru.
  8941 | D:9      | Found a staircase to the Lair.
  8944 | D:9      | Reached skill level 13 in Axes
  9038 | D:9      | Found a burning altar of Makhleb.
  9684 | D:10     | Entered Level 10 of the Dungeon
  9751 | D:10     | Noticed a centaur warrior
  9756 | D:10     | Killed a centaur warrior
  9798 | D:10     | Identified the +11 quarterstaff "Japhob" {vorpal, rElec
                  | rPois Dex+4}
 10327 | D:11     | Noticed a cyclops
 10332 | D:11     | Killed a cyclops
 10340 | D:11     | Noticed a two-headed ogre
 10349 | D:11     | Killed a two-headed ogre
 10350 | D:11     | Reached skill level 14 in Axes
 10485 | D:11     | Noticed a cyclops
 10493 | D:11     | Killed a cyclops
 10543 | D:11     | Noticed a boulder beetle
 10560 | D:11     | Killed a boulder beetle
 10631 | D:11     | Noticed a cyan ugly thing
 10650 | D:11     | Killed a cyan ugly thing
 10704 | D:11     | Noticed a cyclops
 10718 | D:11     | Killed a cyclops
 10719 | D:11     | Reached XP level 12. HP: 55/91 MP: 0/12
 10943 | D:11     | Found a portal to a secret trove of treasure.
 11485 | Lair:1   | Entered Level 1 of the Lair of Beasts
 11545 | Lair:1   | Reached skill level 10 in Armour
 11655 | D:8      | Bought the ring "Gunn" {Will+ Str+6 Slay+6} for 885 gold
                  | pieces
 11869 | D:12     | Noticed a six-headed hydra
 11873 | D:12     | Noticed a six-headed hydra
 11882 | D:12     | Killed a six-headed hydra
 11883 | D:12     | Reached skill level 15 in Axes
 11886 | D:12     | Slain by a six-headed hydra

Illustrated notes

Levels and vault maps discovered:
D:1:      doesnt_arrival_eight_statues, layout_basic, serial_shops, shop,
          nicolae_shop_bloodbath_and_beyond, minmay_misc_feat_five
D:2:      layout_loops_ring, hellmonk_ecumenical_altar_dog_temple,
          minmay_joined_circles, uniq_sigmund
D:3:      layout_basic, grunt_temple_overflow_diamond, hangedman_decor_points,
          uniq_terence, uniq_grinder
D:4:      layout_rooms, minmay_temple_entry_proselytizer, minivault_27,
          st_stairs_11, minmay_snake_closets, uniq_blork_the_orc
D:5:      layout_basic, minmay_misc_feat_iff
D:6:      layout_basic, serial_shops, nicolae_diamond_shop, columned_hall_lemuel
D:7:      layout_rooms, serial_demonic, serial_demonic_c, serial_demonic_e,
          serial_demonic_c, serial_demonic_b, serial_demonic_f,
          serial_demonic_d, minivault_22
D:8:      layout_rooms, kennysheep_windowed_goal
D:9:      layout_grid_maze, bloody_makhleb, nicolae_overflow_hidden_temple,
          grunt_lair_entry_orc_guard_hut
D:10:     layout_long_grid
D:11:     layout_basic, nicolae_trove_entry_isolated
D:12:     layout_cave_pools, orc_0_dummy
Temple:   nicolae_temple_superstar
Lair:1:   layout_chaotic_city, nicolae_quartered_pool_medium,
          lemuel_centaur_altar

Skill      XL: |  1  2  3  4  5  6  7  8  9 10 11 12 |
---------------+-------------------------------------+-----
Axes           | 3 4 5 7 8 11 12 14 15 | 15.0
Fighting       | 4 5 6 7 8 |  8.3
Armour         | 4 5 6 7 9 10 | 10.3
Dodging        | 1 2 |  2.2
Shields        | 5 6 7 |  7.4
Maces & Flails | |  0.1
Evocations     | |  0.3

Action                   |  1- 3 |  4- 6 |  7- 9 | 10-12 || total
-------------------------+-------+-------+-------+-------++-------
Melee: War axe           |    76 |   127 |    44 |       ||   247
       Hand axe          |       |       |   186 |   268 ||   454
       Giant spiked club |       |       |       |     4 ||     4
 Fire: Arbalest          |       |       |       |     3 ||     3
Evoke: Wand              |       |       |     2 |       ||     2
  Use: Scroll            |       |       |     7 |     1 ||     8
 Stab: Distracted        |       |       |       |     1 ||     1
Armor: Scale mail        |    29 |    53 |    41 |       ||   123
       Plate armour      |       |       |    41 |   141 ||   182
Dodge: Dodged            |    40 |    58 |    71 |    77 ||   246
Block: Buckler           |    14 |    34 |    48 |    58 ||   154

Table legend: (Time is in decaauts)
 A = Elapsed time spent in this place.
 B = Non-inter-level travel time spent in this place.
 C = Inter-level travel time spent in this place.
 D = Time resting spent in this place.
 E = Time spent auto-exploring this place.
 F = Levels seen in this place.
 G = Mean time per level.
                   A        B        C        D        E       F      G
               +--------+--------+--------+--------+--------+-----+--------+
         Total |  11875 |  10644 |   1231 |      0 |   9028 |  14 |  848.2 |
       Dungeon |  11426 |  10385 |   1041 |      0 |   8855 |  12 |  952.2 |
        Temple |    338 |    188 |    150 |      0 |    171 |   1 |  338.0 |
          Lair |    111 |     72 |     39 |      0 |      2 |   1 |  111.0 |
               +--------+--------+--------+--------+--------+-----+--------+

Top non-repeatable levels by time:
     D:9: 1523 daAuts
     D:3: 1330 daAuts
     D:2: 1287 daAuts
    D:11: 1076 daAuts
     D:6: 1070 daAuts
     D:1: 998 daAuts
     D:5: 917 daAuts
     D:7: 885 daAuts
     D:4: 831 daAuts
     D:8: 748 daAuts
    D:10: 657 daAuts
  Temple: 338 daAuts
  Lair:1: 111 daAuts
    D:12: 100 daAuts
